Influenza vs Little Stars
Created - 4 avril 2017 at 19:22
Goals
|
| Influenza |
1 |
5 |
1 |
7 |
| Little Stars |
1 |
2 |
0 |
3 |
|
Shots
|
| Influenza |
10 |
12 |
10 |
32 |
| Little Stars |
15 |
19 |
2 |
36 |
|
1st period
1. Influenza , Martins Karsums 26 (Ryan Carter) at 5:43
2. Little Stars , Robert Klinkhammer 9 (Jesper Fast, Mathieu Roy) at 10:34
Penalties :
Brian Flynn (Tex) for Cross-checking (Minor) at 1:47, Conor Allen (Tex) for Roughing (Minor) at 8:18, Marcus Johansson (Tex) for Delaying the game (Minor) at 10:56
2nd period
3. Influenza , Ben Smith 35 (Jeff May) at 5:09
4. Little Stars , Niklas Hjalmarsson 10 (Marcus Johansson, Alex Chiasson) at 5:21
5. Influenza , Robbie Earl 35 (Matt Corrente, Martins Karsums) at 5:57
6. Little Stars , James Livingstone 2 (Alexander Vasyunov, T.J. Tynan) at 13:04
7. Influenza , Charlie Coyle 7 (Jeremy Morin, John Klingberg) at 15:29
8. Influenza , T.J Galiardi 23 (Jeremy Morin, Mathieu Carle) at 17:02
9. Influenza , Evgeny Grachev 42 (Ben Smith, John Klingberg) at 19:31
Penalties :
Ben Smith (VJB) for Roughing (Minor) at 7:28
3rd period
10. Influenza , Ben Smith 36 (Matt Corrente) at 14:54
Penalties :
Tim Erixon (VJB) for Hooking (Minor) at 3:45, Mathieu Roy (Tex) for Tripping (Minor) at 4:42, Ryan Russell (VJB) for Hooking (Minor) at 16:28, T.J. Tynan (Tex) for Slashing (Minor) at 18:55
Goalie Stats
Thomas McCollum (VJB), 33 saves from 36 shots - (0,917), W, 30-17-4, 60:00 minutes
Peter Budaj (Tex), 16 saves from 21 shots - (0,762), L, 19-17-5, 37:02 minutes
Peter Delmas (Tex), 9 saves from 11 shots - (0,818), 22:58 minutes
Players Stats for Influenza
Player Name G A P +/- PIM S H SB GA TA FO MP PP MP PK MP
------------------------------------------------------------------------------------
Andreas Engqvist 0 0 0 0 0 0 0 0 0 0 0/0 0:00 0:00 0:00
Ben Smith 2 1 3 1 2 6 1 1 0 0 1/2 21:44 3:47 1:53
Brian Salcido 0 0 0 0 0 0 0 0 0 0 0/0 0:19 0:12 0:00
Carl Gunnarsson 0 0 0 2 0 2 2 3 0 0 0/3 22:34 5:12 2:04
Charlie Coyle 1 0 1 1 0 2 1 0 1 0 2/5 12:29 0:00 1:54
Colin McDonald 0 0 0 0 0 0 0 0 0 0 0/0 0:00 0:00 0:00
Corey Tropp 0 0 0 0 0 0 0 0 0 0 0/0 8:29 0:00 0:00
Evgeny Grachev 1 0 1 1 0 1 3 1 0 1 21/33 21:26 3:49 3:07
Iiro Pakarinen 0 0 0 0 0 0 0 0 0 0 0/0 0:00 0:00 0:00
Jacob Josefson 0 0 0 0 0 0 0 0 0 0 0/0 4:27 1:51 0:37
Jamie Benn 0 0 0 1 0 2 4 1 0 0 1/3 20:31 4:09 2:04
Jeff May 0 1 1 -1 0 1 0 1 0 1 0/0 10:55 0:00 0:00
Jeremy Morin 0 2 2 1 0 1 0 0 0 0 0/1 11:07 0:02 0:00
John Klingberg 0 2 2 3 0 2 1 1 2 1 0/0 28:36 4:52 2:51
Jordan Schroeder 0 0 0 0 0 2 0 0 0 0 0/3 8:29 0:00 0:00
Martins Karsums 1 1 2 2 0 3 2 0 0 0 1/1 15:25 4:09 0:00
Mathieu Carle 0 1 1 3 0 3 3 2 2 1 0/0 28:36 4:52 2:51
Matt Corrente 0 2 2 2 0 1 1 0 2 0 0/0 20:29 3:06 2:04
Oskars Bartulis 0 0 0 0 0 0 0 0 0 0 0/0 0:00 0:00 0:00
Robbie Earl 1 0 1 2 0 3 1 1 1 1 0/0 16:29 3:47 0:15
Ryan Carter 0 1 1 2 0 0 0 1 0 0 4/12 11:31 0:00 0:00
Ryan Russell 0 0 0 0 2 2 0 0 0 0 0/0 8:53 0:00 0:00
T.J Brodie 0 0 0 0 0 0 0 0 0 0 0/0 0:00 0:00 0:00
T.J Galiardi 1 0 1 1 0 1 0 1 0 0 0/0 10:35 0:00 0:00
Tim Erixon 0 0 0 -1 2 0 1 0 0 1 0/0 10:56 0:02 0:00
Players Stats for Little Stars
Player Name G A P +/- PIM S H SB GA TA FO MP PP MP PK MP
------------------------------------------------------------------------------------
Alex Chiasson 0 1 1 -1 0 0 1 0 2 0 1/1 21:44 2:41 2:14
Alexander Vasyunov 0 1 1 1 0 2 0 0 0 1 0/0 7:57 0:00 0:27
Andrej Nestrasil 0 0 0 -1 0 0 1 1 0 0 1/2 10:34 0:00 0:36
Brian Flynn 0 0 0 -1 2 3 0 0 1 1 17/31 19:55 2:41 0:00
Conor Allen 0 0 0 -1 2 0 0 0 0 0 0/0 12:01 0:00 0:33
Dana Tyrell 0 0 0 -3 0 5 2 2 0 1 6/15 14:03 2:14 0:00
Hugh Jessiman 0 0 0 -3 0 1 1 0 1 0 1/1 16:33 2:14 2:14
James Livingstone 1 0 1 1 0 1 0 0 0 0 0/0 7:24 0:00 0:00
Jesper Fast 0 1 1 -1 0 2 3 1 1 1 2/3 11:48 0:00 1:39
Jesse Joensuu 0 0 0 -3 0 4 1 0 0 0 1/1 14:42 2:14 0:18
Marcus Johansson 0 1 1 -1 2 6 3 0 1 0 0/2 23:17 2:41 3:17
Mathieu Roy 0 1 1 -3 2 0 2 1 0 0 0/0 20:18 2:38 2:57
Niklas Hjalmarsson 1 0 1 0 0 7 1 4 0 1 0/0 27:33 2:16 4:26
Raphael Diaz 0 0 0 0 0 3 2 4 0 1 0/0 27:33 2:16 4:26
Robert Klinkhammer 1 0 1 -1 0 2 0 0 0 0 0/0 9:58 0:00 0:00
Sean Avery 0 0 0 0 0 0 0 0 0 0 0/0 1:34 0:00 1:34
T.J. Tynan 0 1 1 1 2 0 1 1 0 0 4/7 11:12 0:00 3:37
Tyson Barrie 0 0 0 -1 0 0 0 1 0 1 0/0 11:35 0:00 0:02
Yannick Weber 0 0 0 -3 0 0 1 0 0 1 0/0 21:14 2:39 3:32
3 Stars
1 - Ben Smith (VJB)
2 - Martins Karsums (VJB)
3 - John Klingberg (VJB)
Power Play
Influenza - 0 on 5 Attempt(s) - 0,00%
Little Stars - 0 on 3 Attempt(s) - 0,00%
Penalty Kill
Influenza - 3 on 3 Attempt(s) - 100,00%
- Score 0 goal in Penalty Kill
Little Stars - 5 on 5 Attempt(s) - 100,00%
- Score 0 goal in Penalty Kill
Team Stat
Influenza - Hits : 20 - Faceoff Wins : 30 - Blocked Shots : 13 - Penalty Minutes : 6
Little Stars - Hits : 19 - Faceoff Wins : 33 - Blocked Shots : 15 - Penalty Minutes : 10
Official
Referees : Marouelli Dan and StLaurent Francois
Linesman : Derek Amell and Lyle Seitz
Game Notes
Peter Delmas enters game at 17:02 of 2nd period
Finance
Level 1 -- Attendance: 1424 (71,20%) -- Ticket Income 42 720 $
Level 2 -- Attendance: 775 (77,50%) -- Ticket Income 15 500 $
Total Attendance: 2199 (73,30%)
Total Ticket Income: 58 220 $
Other Income: 2 911 $
Total Income: 61 131 $
Influenza
5 vs 5 Forward
Center Left Wing Right Wing Time % Phy DF OF
1 Evgeny Grachev Jamie Benn Ben Smith 40 1 2 2
2 Ryan Carter Robbie Earl Martins Karsums 30 1 2 2
3 Charlie Coyle T.J Galiardi Jeremy Morin 20 1 2 2
4 Jordan Schroeder Ryan Russell Corey Tropp 10 1 2 2
5 vs 5 Defense
Defense Defense Time % Phy DF OF
1 John Klingberg Mathieu Carle 40 1 2 2
2 Carl Gunnarsson Matt Corrente 30 1 2 2
3 Tim Erixon Jeff May 20 1 2 2
4 John Klingberg Mathieu Carle 10 1 2 2
PowerPlay Forward
Center Left Wing Right Wing Time % Phy DF OF
1 Carl Gunnarsson Jamie Benn Martins Karsums 60 1 2 2
2 Evgeny Grachev Robbie Earl Ben Smith 40 1 2 2
PowerPlay Defense
Defense Defense Time % Phy DF OF
1 John Klingberg Mathieu Carle 60 1 2 2
2 Carl Gunnarsson Matt Corrente 40 1 2 2
Penalty Kill 4 Players Forward
Center Wing Time % Phy DF OF
1 Evgeny Grachev Ben Smith 60 1 2 2
2 Charlie Coyle Jamie Benn 40 1 2 2
Penalty Kill 4 Players Defense
Defense Defense Time % Phy DF OF
1 John Klingberg Mathieu Carle 60 1 2 2
2 Carl Gunnarsson Matt Corrente 40 1 2 2
Penalty Kill - 3 Players Forward
Forward Time % Phy DF OF
1 Evgeny Grachev 60 1 2 2
2 Charlie Coyle 40 1 2 2
Penalty Kill - 3 Players Defense
Defense Defense Time % Phy DF OF
1 John Klingberg Mathieu Carle 60 1 2 2
2 Carl Gunnarsson Matt Corrente 40 1 2 2
4 vs 4 Forward
Center Wing Time % Phy DF OF
1 Evgeny Grachev Ben Smith 60 1 2 2
2 Ryan Carter Jamie Benn 40 1 2 2
4 vs 4 Defense
Defense Defense Time % Phy DF OF
1 John Klingberg Mathieu Carle 60 1 2 2
2 Carl Gunnarsson Matt Corrente 40 1 2 2
Last Minutes Offensive
Center Left Wing Right Wing Defense Defense
Evgeny Grachev Jamie Benn Martins Karsums John Klingberg Mathieu Carle
Last Minutes Defensive
Center Left Wing Right Wing Defense Defense
Charlie Coyle Robbie Earl Ben Smith John Klingberg Mathieu Carle
Goaltenders
Starting : Thomas McCollum
Backup : Olivier Roy
Extra Forwards
Normal : Ryan Carter, Ben Smith, Jeremy Morin - PP : Evgeny Grachev, Ben Smith - PK : Charlie Coyle
Extra Defensemen
Normal : Carl Gunnarsson, John Klingberg, Matt Corrente - PP : Carl Gunnarsson - PK : Carl Gunnarsson, Mathieu Carle
Penalty Shots
Jamie Benn, Robbie Earl, Ryan Carter, John Klingberg, Evgeny Grachev
Little Stars
5 vs 5 Forward
Center Left Wing Right Wing Time % Phy DF OF
1 Brian Flynn Marcus Johansson Alex Chiasson 40 1 2 2
2 Dana Tyrell Jesse Joensuu Hugh Jessiman 30 1 2 2
3 Andrej Nestrasil Robert Klinkhammer Jesper Fast 20 1 2 2
4 T.J. Tynan Alexander Vasyunov James Livingstone 10 1 2 2
5 vs 5 Defense
Defense Defense Time % Phy DF OF
1 Niklas Hjalmarsson Raphael Diaz 40 1 2 2
2 Mathieu Roy Yannick Weber 30 1 2 2
3 Tyson Barrie Conor Allen 20 1 2 2
4 Niklas Hjalmarsson Raphael Diaz 10 1 2 2
PowerPlay Forward
Center Left Wing Right Wing Time % Phy DF OF
1 Brian Flynn Marcus Johansson Alex Chiasson 60 1 2 2
2 Dana Tyrell Jesse Joensuu Hugh Jessiman 40 1 2 2
PowerPlay Defense
Defense Defense Time % Phy DF OF
1 Niklas Hjalmarsson Raphael Diaz 60 1 2 2
2 Mathieu Roy Yannick Weber 40 1 2 2
Penalty Kill 4 Players Forward
Center Wing Time % Phy DF OF
1 T.J. Tynan Marcus Johansson 60 1 2 2
2 Alex Chiasson Hugh Jessiman 40 1 2 2
Penalty Kill 4 Players Defense
Defense Defense Time % Phy DF OF
1 Niklas Hjalmarsson Raphael Diaz 60 1 2 2
2 Mathieu Roy Yannick Weber 40 1 2 2
Penalty Kill - 3 Players Forward
Forward Time % Phy DF OF
1 T.J. Tynan 60 1 2 2
2 Marcus Johansson 40 1 2 2
Penalty Kill - 3 Players Defense
Defense Defense Time % Phy DF OF
1 Niklas Hjalmarsson Raphael Diaz 60 1 2 2
2 Mathieu Roy Yannick Weber 40 1 2 2
4 vs 4 Forward
Center Wing Time % Phy DF OF
1 Brian Flynn Marcus Johansson 60 1 2 2
2 Alex Chiasson Hugh Jessiman 40 1 2 2
4 vs 4 Defense
Defense Defense Time % Phy DF OF
1 Niklas Hjalmarsson Raphael Diaz 60 1 2 2
2 Mathieu Roy Yannick Weber 40 1 2 2
Last Minutes Offensive
Center Left Wing Right Wing Defense Defense
Brian Flynn Jesse Joensuu Alex Chiasson Niklas Hjalmarsson Raphael Diaz
Last Minutes Defensive
Center Left Wing Right Wing Defense Defense
Brian Flynn Robert Klinkhammer Alex Chiasson Niklas Hjalmarsson Raphael Diaz
Goaltenders
Starting : Peter Budaj
Backup : Peter Delmas
Extra Forwards
Normal : Jesse Joensuu, Alexander Vasyunov, Jesper Fast - PP : Jesse Joensuu, Alexander Vasyunov - PK : Jesper Fast
Extra Defensemen
Normal : Tyson Barrie, Conor Allen, Mathieu Roy - PP : Tyson Barrie - PK : Conor Allen, Mathieu Roy
Penalty Shots
Jesse Joensuu, Marcus Johansson, Alex Chiasson, Hugh Jessiman, Brian Flynn
% Time on Ice - Influenza
Lines # - Real PCT - Wanted PCT - Time Play
Normal Forward
1 - 34% - 40% - 15:50
2 - 24% - 30% - 11:11
3 - 23% - 20% - 10:35
4 - 18% - 10% - 8:29
Normal Defense
1 - 40% - 40% - 18:15
2 - 32% - 30% - 14:45
3 - 24% - 20% - 10:55
4 - 5% - 10% - 2:10
PP Forward
1 - 53% - 60% - 4:11
2 - 47% - 40% - 3:47
PP Defense
1 - 61% - 60% - 4:52
2 - 39% - 40% - 3:06
PK Forward
1 - 88% - 60% - 4:21
2 - 12% - 40% - 0:34
PK Defense
1 - 58% - 60% - 2:51
2 - 42% - 40% - 2:04
PK3 Forward
1 - 0% - 60%
2 - 0% - 40%
PK3 Defense
1 - 0% - 60%
2 - 0% - 40%
44 Forward
1 - 100% - 60% - 1:02
2 - 0% - 40% - 0:00
44 Defense
1 - 45% - 60% - 0:28
2 - 55% - 40% - 0:34
Last Minute Offensive - 0:00
Last Minute Defensive - 0:00
Total
Forward - 60:00
Defense - 60:00
|
% Time on Ice - Little Stars
Lines # - Real PCT - Wanted PCT - Time Play
Normal Forward
1 - 36% - 40% - 16:45
2 - 26% - 30% - 11:58
3 - 22% - 20% - 9:58
4 - 16% - 10% - 7:24
Normal Defense
1 - 40% - 40% - 18:38
2 - 32% - 30% - 14:43
3 - 24% - 20% - 11:13
4 - 3% - 10% - 1:31
PP Forward
1 - 55% - 60% - 2:41
2 - 45% - 40% - 2:14
PP Defense
1 - 46% - 60% - 2:16
2 - 54% - 40% - 2:39
PK Forward
1 - 72% - 60% - 5:44
2 - 28% - 40% - 2:14
PK Defense
1 - 56% - 60% - 4:26
2 - 44% - 40% - 3:32
PK3 Forward
1 - 0% - 60%
2 - 0% - 40%
PK3 Defense
1 - 0% - 60%
2 - 0% - 40%
44 Forward
1 - 89% - 60% - 0:55
2 - 11% - 40% - 0:07
44 Defense
1 - 68% - 60% - 0:42
2 - 32% - 40% - 0:20
Last Minute Offensive - 0:00
Last Minute Defensive - 0:00
Total
Forward - 60:00
Defense - 60:00
|
Play by Play
1st period
0:01 of 1st period - Evgeny Grachev wins face-off versus Brian Flynn in neutral zone.
0:34 of 1st period - Snap shot by Martins Karsums.
0:34 of 1st period - Stopped by Peter Budaj with a rebound.
0:36 of 1st period - Slapshot by Carl Gunnarsson.
0:36 of 1st period - Shot Blocked by Niklas Hjalmarsson.
1:47 of 1st period - Minor Penalty to Brian Flynn for Cross-checking.
1:48 of 1st period - T.J. Tynan wins face-off versus Carl Gunnarsson in Little Stars zone.
3:09 of 1st period - Matt Corrente is hit by Yannick Weber.
3:33 of 1st period - Wrist shot by Mathieu Roy.
3:33 of 1st period - Shot Blocked by Carl Gunnarsson.
3:35 of 1st period - Slapshot by Yannick Weber.
3:35 of 1st period - Shot Blocked by Ben Smith.
3:47 of 1st period - Penalty to Brian Flynn is over, Brian Flynn is back on ice.
3:51 of 1st period - Snap shot by Jesse Joensuu.
3:51 of 1st period - Shot Misses the Net.
3:53 of 1st period - Snap shot by Hugh Jessiman.
3:53 of 1st period - Shot Blocked by Carl Gunnarsson.
3:55 of 1st period - Wrist shot by Dana Tyrell.
3:55 of 1st period - Shot Misses the Net.
3:57 of 1st period - Slapshot by Tyson Barrie.
3:57 of 1st period - Deflect By Jesse Joensuu.
3:57 of 1st period - Shot Misses the Net.
3:57 of 1st period - Puck is out of play.
3:58 of 1st period - Charlie Coyle wins face-off versus Dana Tyrell in Influenza zone.
4:03 of 1st period - Snap shot by Hugh Jessiman.
4:03 of 1st period - Shot Misses the Net.
4:05 of 1st period - Snap shot by Tyson Barrie.
4:05 of 1st period - Shot Misses the Net.
4:07 of 1st period - Snap shot by Jesse Joensuu.
4:07 of 1st period - Stopped by Thomas McCollum without a rebound.
4:08 of 1st period - Brian Flynn wins face-off versus Charlie Coyle in Influenza zone.
4:19 of 1st period - Wrist shot by T.J Galiardi.
4:19 of 1st period - Shot Misses the Net.
5:02 of 1st period - Yannick Weber is hit by John Klingberg.
5:12 of 1st period - Snap shot by Robbie Earl.
5:12 of 1st period - Stopped by Peter Budaj without a rebound.
5:13 of 1st period - Brian Flynn wins face-off versus Jamie Benn in Little Stars zone.
5:18 of 1st period - Snap shot by Alex Chiasson.
5:18 of 1st period - Shot Misses the Net.
5:20 of 1st period - Slapshot by Mathieu Roy.
5:20 of 1st period - Shot Misses the Net.
5:22 of 1st period - Slapshot by Yannick Weber.
5:22 of 1st period - Deflect By Marcus Johansson.
5:22 of 1st period - Stopped by Thomas McCollum with a rebound.
5:24 of 1st period - Wrist shot by Marcus Johansson.
5:24 of 1st period - Stopped by Thomas McCollum with a rebound.
5:26 of 1st period - Slapshot by Mathieu Roy.
5:26 of 1st period - Shot Misses the Net.
5:28 of 1st period - Snap shot by Marcus Johansson.
5:28 of 1st period - Deflect By Brian Flynn.
5:28 of 1st period - Stopped by Thomas McCollum with a rebound.
5:39 of 1st period - Off-side.
5:40 of 1st period - Ryan Carter wins face-off versus Dana Tyrell in neutral zone.
5:43 of 1st period - Wrist shot by Martins Karsums.
5:43 of 1st period - Goal by Martins Karsums - Influenza : 1 - Little Stars : 0.
5:44 of 1st period - Ryan Carter wins face-off versus Dana Tyrell in neutral zone.
5:53 of 1st period - Wrist shot by Jesse Joensuu.
5:53 of 1st period - Stopped by Thomas McCollum with a rebound.
5:55 of 1st period - Snap shot by Dana Tyrell.
5:55 of 1st period - Stopped by Thomas McCollum with a rebound.
5:57 of 1st period - Wrist shot by Dana Tyrell.
5:57 of 1st period - Stopped by Thomas McCollum with a rebound.
5:59 of 1st period - Snap shot by Jesse Joensuu.
5:59 of 1st period - Stopped by Thomas McCollum without a rebound.
6:00 of 1st period - Brian Flynn wins face-off versus Evgeny Grachev in Influenza zone.
6:34 of 1st period - Slapshot by Corey Tropp.
6:34 of 1st period - Deflect By Jordan Schroeder.
6:34 of 1st period - Stopped by Peter Budaj with a rebound.
6:38 of 1st period - Slapshot by Ryan Russell.
6:38 of 1st period - Deflect By Corey Tropp.
6:38 of 1st period - Shot Misses the Net.
6:38 of 1st period - Puck is out of play.
6:39 of 1st period - Evgeny Grachev wins face-off versus Dana Tyrell in Little Stars zone.
7:10 of 1st period - Wrist shot by Robbie Earl.
7:10 of 1st period - Shot Misses the Net.
7:28 of 1st period - Wrist shot by T.J. Tynan.
7:28 of 1st period - Shot Misses the Net.
7:30 of 1st period - Slapshot by Alexander Vasyunov.
7:30 of 1st period - Stopped by Thomas McCollum with a rebound.
7:32 of 1st period - Slapshot by Niklas Hjalmarsson.
7:32 of 1st period - Stopped by Thomas McCollum with a rebound.
7:34 of 1st period - Slapshot by Niklas Hjalmarsson.
7:34 of 1st period - Deflect By Jeremy Morin.
7:34 of 1st period - Stopped by Thomas McCollum with a rebound.
7:50 of 1st period - Snap shot by Marcus Johansson.
7:50 of 1st period - Shot Misses the Net.
7:52 of 1st period - Snap shot by Marcus Johansson.
7:52 of 1st period - Stopped by Thomas McCollum with a rebound.
8:18 of 1st period - Minor Penalty to Conor Allen for Roughing.
8:19 of 1st period - Evgeny Grachev wins face-off versus T.J. Tynan in Little Stars zone.
8:24 of 1st period - Snap shot by Ben Smith.
8:24 of 1st period - Deflect By Robbie Earl.
8:24 of 1st period - Stopped by Peter Budaj with a rebound.
8:26 of 1st period - Slapshot by Mathieu Carle.
8:26 of 1st period - Stopped by Peter Budaj without a rebound.
8:27 of 1st period - Evgeny Grachev wins face-off versus T.J. Tynan in Little Stars zone.
9:13 of 1st period - Icing by Robbie Earl.
9:14 of 1st period - Evgeny Grachev wins face-off versus T.J. Tynan in Influenza zone.
9:56 of 1st period - Alex Chiasson is hit by Evgeny Grachev and loses puck.
10:18 of 1st period - Penalty to Conor Allen is over, Conor Allen is back on ice.
10:19 of 1st period - Hugh Jessiman is hit by Jamie Benn and loses puck.
10:30 of 1st period - Slapshot by Mathieu Roy.
10:30 of 1st period - Shot Blocked by Jeff May.
10:32 of 1st period - Wrist shot by Jesper Fast.
10:32 of 1st period - Shot Misses the Net.
10:34 of 1st period - Snap shot by Robert Klinkhammer.
10:34 of 1st period - Goal by Robert Klinkhammer - Influenza : 1 - Little Stars : 1.
10:35 of 1st period - Evgeny Grachev wins face-off versus Brian Flynn in neutral zone.
10:39 of 1st period - John Klingberg is hit by Niklas Hjalmarsson and loses puck.
10:56 of 1st period - Minor Penalty to Marcus Johansson for Delaying the game.
10:57 of 1st period - T.J. Tynan wins face-off versus Carl Gunnarsson in Little Stars zone.
11:24 of 1st period - Raphael Diaz is hit by Ben Smith and loses puck.
12:42 of 1st period - Mathieu Carle is hit by Hugh Jessiman and loses puck.
12:56 of 1st period - Penalty to Marcus Johansson is over, Marcus Johansson is back on ice.
13:05 of 1st period - Wrist shot by T.J Galiardi.
13:05 of 1st period - Shot Misses the Net.
13:07 of 1st period - Slapshot by Jeff May.
13:07 of 1st period - Shot Misses the Net.
13:09 of 1st period - Slapshot by Charlie Coyle.
13:09 of 1st period - Shot Misses the Net.
13:35 of 1st period - Wrist shot by Ryan Russell.
13:35 of 1st period - Stopped by Peter Budaj with a rebound.
13:49 of 1st period - Wrist shot by Jesper Fast.
13:49 of 1st period - Stopped by Thomas McCollum without a rebound.
13:50 of 1st period - Andrej Nestrasil wins face-off versus Jeremy Morin in Influenza zone.
13:51 of 1st period - Wrist shot by Jesper Fast.
13:51 of 1st period - Shot Misses the Net.
13:59 of 1st period - Wrist shot by Andrej Nestrasil.
13:59 of 1st period - Shot Blocked by T.J Galiardi.
14:55 of 1st period - Slapshot by John Klingberg.
14:55 of 1st period - Shot Blocked by T.J. Tynan.
15:04 of 1st period - Off-side.
15:05 of 1st period - Brian Flynn wins face-off versus Evgeny Grachev in neutral zone.
15:39 of 1st period - Snap shot by Robbie Earl.
15:39 of 1st period - Shot Misses the Net.
16:18 of 1st period - Off-side.
16:19 of 1st period - T.J. Tynan wins face-off versus Evgeny Grachev in neutral zone.
16:22 of 1st period - Slapshot by Raphael Diaz.
16:22 of 1st period - Stopped by Thomas McCollum with a rebound.
16:46 of 1st period - Carl Gunnarsson is hit by T.J. Tynan and loses puck.
16:55 of 1st period - Alexander Vasyunov is hit by Evgeny Grachev and loses puck.
17:28 of 1st period - Snap shot by Ben Smith.
17:28 of 1st period - Shot Misses the Net.
17:32 of 1st period - Snap shot by Ben Smith.
17:32 of 1st period - Stopped by Peter Budaj without a rebound.
17:33 of 1st period - Ryan Carter wins face-off versus Brian Flynn in Little Stars zone.
17:36 of 1st period - Snap shot by Robbie Earl.
17:36 of 1st period - Deflect By Martins Karsums.
17:36 of 1st period - Stopped by Peter Budaj with a rebound.
17:38 of 1st period - Slapshot by Carl Gunnarsson.
17:38 of 1st period - Stopped by Peter Budaj without a rebound.
17:39 of 1st period - Brian Flynn wins face-off versus Ryan Carter in Little Stars zone.
17:44 of 1st period - Wrist shot by Alex Chiasson.
17:44 of 1st period - Shot Hit the Post.
18:30 of 1st period - Mathieu Carle is hit by Mathieu Roy and loses puck.
18:37 of 1st period - Snap shot by Jesse Joensuu.
18:37 of 1st period - Shot Blocked by Mathieu Carle.
18:39 of 1st period - Wrist shot by Dana Tyrell.
18:39 of 1st period - Shot Misses the Net.
18:49 of 1st period - Jesper Fast is hit by Robbie Earl and loses puck.
19:29 of 1st period - Icing by James Livingstone.
19:30 of 1st period - Evgeny Grachev wins face-off versus Andrej Nestrasil in Little Stars zone.
19:55 of 1st period - Brian Flynn is hit by Carl Gunnarsson and loses puck.
Goals for this period are 1 for Influenza vs 1 for Little Stars.
Shots for this period are 10 for Influenza vs 15 for Little Stars.
2nd period
0:01 of 2nd period - Brian Flynn wins face-off versus Evgeny Grachev in neutral zone.
0:53 of 2nd period - Slapshot by Niklas Hjalmarsson.
0:53 of 2nd period - Stopped by Thomas McCollum with a rebound.
2:08 of 2nd period - Snap shot by Jesper Fast.
2:08 of 2nd period - Stopped by Thomas McCollum without a rebound.
2:09 of 2nd period - Jesper Fast wins face-off versus Ryan Carter in Influenza zone.
2:10 of 2nd period - Snap shot by Andrej Nestrasil.
2:10 of 2nd period - Shot Misses the Net.
2:12 of 2nd period - Snap shot by Andrej Nestrasil.
2:12 of 2nd period - Shot Blocked by Mathieu Carle.
2:14 of 2nd period - Wrist shot by Robert Klinkhammer.
2:14 of 2nd period - Shot Misses the Net.
2:16 of 2nd period - Slapshot by Conor Allen.
2:16 of 2nd period - Shot Blocked by Ryan Carter.
2:20 of 2nd period - Wrist shot by Jesper Fast.
2:20 of 2nd period - Shot Misses the Net.
2:22 of 2nd period - Slapshot by Robert Klinkhammer.
2:22 of 2nd period - Stopped by Thomas McCollum with a rebound.
2:24 of 2nd period - Wrist shot by Robert Klinkhammer.
2:24 of 2nd period - Shot Misses the Net.
3:05 of 2nd period - Snap shot by Dana Tyrell.
3:05 of 2nd period - Stopped by Thomas McCollum with a rebound.
3:21 of 2nd period - Snap shot by Ryan Russell.
3:21 of 2nd period - Shot Blocked by Raphael Diaz.
3:23 of 2nd period - Snap shot by Ryan Russell.
3:23 of 2nd period - Shot Blocked by Niklas Hjalmarsson.
3:25 of 2nd period - Slapshot by Carl Gunnarsson.
3:25 of 2nd period - Stopped by Peter Budaj without a rebound.
3:26 of 2nd period - Brian Flynn wins face-off versus Evgeny Grachev in Little Stars zone.
4:45 of 2nd period - Wrist shot by Alexander Vasyunov.
4:45 of 2nd period - Stopped by Thomas McCollum with a rebound.
5:01 of 2nd period - Slapshot by Mathieu Roy.
5:01 of 2nd period - Shot Misses the Net.
5:09 of 2nd period - Snap shot by Ben Smith.
5:09 of 2nd period - Goal by Ben Smith - Influenza : 2 - Little Stars : 1.
5:10 of 2nd period - Brian Flynn wins face-off versus Evgeny Grachev in neutral zone.
5:19 of 2nd period - Slapshot by Marcus Johansson.
5:19 of 2nd period - Shot Blocked by Jamie Benn.
5:21 of 2nd period - Snap shot by Niklas Hjalmarsson.
5:21 of 2nd period - Goal by Niklas Hjalmarsson - Influenza : 2 - Little Stars : 2.
5:22 of 2nd period - Brian Flynn wins face-off versus Ben Smith in neutral zone.
5:24 of 2nd period - Off-side.
5:25 of 2nd period - Evgeny Grachev wins face-off versus Brian Flynn in neutral zone.
5:49 of 2nd period - Off-side.
5:50 of 2nd period - Martins Karsums wins face-off versus Dana Tyrell in neutral zone.
5:57 of 2nd period - Snap shot by Robbie Earl.
5:57 of 2nd period - Goal by Robbie Earl - Influenza : 3 - Little Stars : 2.
5:58 of 2nd period - Alex Chiasson wins face-off versus Evgeny Grachev in neutral zone.
6:01 of 2nd period - Slapshot by Raphael Diaz.
6:01 of 2nd period - Stopped by Thomas McCollum without a rebound.
6:02 of 2nd period - Evgeny Grachev wins face-off versus Brian Flynn in Influenza zone.
6:07 of 2nd period - Snap shot by Marcus Johansson.
6:07 of 2nd period - Stopped by Thomas McCollum with a rebound.
6:29 of 2nd period - Wrist shot by Martins Karsums.
6:29 of 2nd period - Shot Blocked by Dana Tyrell.
6:31 of 2nd period - Wrist shot by Ryan Carter.
6:31 of 2nd period - Shot Hit the Post.
6:33 of 2nd period - Slapshot by Robbie Earl.
6:33 of 2nd period - Shot Misses the Net.
6:35 of 2nd period - Snap shot by John Klingberg.
6:35 of 2nd period - Stopped by Peter Budaj with a rebound.
6:37 of 2nd period - Wrist shot by Ryan Carter.
6:37 of 2nd period - Shot Blocked by Dana Tyrell.
7:28 of 2nd period - Minor Penalty to Ben Smith for Roughing.
7:29 of 2nd period - Evgeny Grachev wins face-off versus Brian Flynn in Influenza zone.
7:45 of 2nd period - Snap shot by Evgeny Grachev.
7:45 of 2nd period - Shot Misses the Net.
8:02 of 2nd period - Icing by Jesse Joensuu.
8:03 of 2nd period - Dana Tyrell wins face-off versus Evgeny Grachev in Little Stars zone.
8:33 of 2nd period - Yannick Weber is hit by Jamie Benn and loses puck.
8:40 of 2nd period - Slapshot by Mathieu Roy.
8:40 of 2nd period - Shot Blocked by Carl Gunnarsson.
8:42 of 2nd period - Slapshot by Hugh Jessiman.
8:42 of 2nd period - Stopped by Thomas McCollum with a rebound.
8:52 of 2nd period - Backhand shot by Dana Tyrell.
8:52 of 2nd period - Stopped by Thomas McCollum without a rebound.
8:53 of 2nd period - Brian Flynn wins face-off versus Evgeny Grachev in Influenza zone.
8:58 of 2nd period - Slapshot by Raphael Diaz.
8:58 of 2nd period - Shot Blocked by John Klingberg.
9:28 of 2nd period - Penalty to Ben Smith is over, Ben Smith is back on ice.
9:57 of 2nd period - Slapshot by John Klingberg.
9:57 of 2nd period - Stopped by Peter Budaj with a rebound.
10:03 of 2nd period - John Klingberg is hit by Alex Chiasson.
10:31 of 2nd period - Robbie Earl is hit by Marcus Johansson.
10:55 of 2nd period - Slapshot by Raphael Diaz.
10:55 of 2nd period - Shot Misses the Net.
10:57 of 2nd period - Snap shot by Brian Flynn.
10:57 of 2nd period - Stopped by Thomas McCollum with a rebound.
10:59 of 2nd period - Wrist shot by Marcus Johansson.
10:59 of 2nd period - Stopped by Thomas McCollum without a rebound.
11:00 of 2nd period - Dana Tyrell wins face-off versus Charlie Coyle in Influenza zone.
11:48 of 2nd period - Jesper Fast is hit by Tim Erixon and loses puck.
11:55 of 2nd period - Snap shot by Corey Tropp.
11:55 of 2nd period - Shot Misses the Net.
11:57 of 2nd period - Slapshot by Matt Corrente.
11:57 of 2nd period - Shot Misses the Net.
11:59 of 2nd period - Snap shot by Jordan Schroeder.
11:59 of 2nd period - Shot Misses the Net.
12:01 of 2nd period - Slapshot by Jeff May.
12:01 of 2nd period - Deflect By Jesper Fast.
12:01 of 2nd period - Stopped by Peter Budaj without a rebound.
12:02 of 2nd period - Dana Tyrell wins face-off versus Jordan Schroeder in Little Stars zone.
13:04 of 2nd period - Snap shot by James Livingstone.
13:04 of 2nd period - Goal by James Livingstone - Influenza : 3 - Little Stars : 3.
13:05 of 2nd period - Dana Tyrell wins face-off versus Ryan Carter in neutral zone.
13:15 of 2nd period - Slapshot by Raphael Diaz.
13:15 of 2nd period - Shot Misses the Net.
13:17 of 2nd period - Wrist shot by Dana Tyrell.
13:17 of 2nd period - Stopped by Thomas McCollum with a rebound.
13:19 of 2nd period - Snap shot by Niklas Hjalmarsson.
13:19 of 2nd period - Shot Blocked by Robbie Earl.
13:21 of 2nd period - Slapshot by Raphael Diaz.
13:21 of 2nd period - Stopped by Thomas McCollum without a rebound.
13:22 of 2nd period - Brian Flynn wins face-off versus Evgeny Grachev in Influenza zone.
13:47 of 2nd period - Mathieu Carle is hit by Jesper Fast and loses puck.
13:58 of 2nd period - Backhand shot by Ben Smith.
13:58 of 2nd period - Stopped by Peter Budaj without a rebound.
13:59 of 2nd period - Ryan Carter wins face-off versus Marcus Johansson in Little Stars zone.
14:00 of 2nd period - Snap shot by Martins Karsums.
14:00 of 2nd period - Shot Misses the Net.
14:30 of 2nd period - Slapshot by Jeremy Morin.
14:30 of 2nd period - Shot Misses the Net.
14:32 of 2nd period - Snap shot by Charlie Coyle.
14:32 of 2nd period - Stopped by Peter Budaj without a rebound.
14:33 of 2nd period - Evgeny Grachev wins face-off versus Marcus Johansson in Little Stars zone.
15:23 of 2nd period - Backhand shot by John Klingberg.
15:23 of 2nd period - Shot Blocked by Jesper Fast.
15:25 of 2nd period - Snap shot by Jeremy Morin.
15:25 of 2nd period - Shot Misses the Net.
15:27 of 2nd period - Snap shot by Charlie Coyle.
15:27 of 2nd period - Shot Misses the Net.
15:29 of 2nd period - Wrist shot by Charlie Coyle.
15:29 of 2nd period - Goal by Charlie Coyle - Influenza : 4 - Little Stars : 3.
15:30 of 2nd period - Brian Flynn wins face-off versus Ryan Carter in neutral zone.
15:55 of 2nd period - Jesse Joensuu is hit by Jamie Benn and loses puck.
16:16 of 2nd period - Wrist shot by Jeremy Morin.
16:16 of 2nd period - Stopped by Peter Budaj without a rebound.
16:17 of 2nd period - Jesper Fast wins face-off versus Charlie Coyle in Little Stars zone.
16:30 of 2nd period - Wrist shot by Andrej Nestrasil.
16:30 of 2nd period - Shot Misses the Net.
16:32 of 2nd period - Snap shot by Robert Klinkhammer.
16:32 of 2nd period - Shot Misses the Net.
16:42 of 2nd period - Mathieu Roy is hit by Charlie Coyle.
16:52 of 2nd period - Tyson Barrie is hit by Mathieu Carle.
17:02 of 2nd period - Slapshot by T.J Galiardi.
17:02 of 2nd period - Goal by T.J Galiardi - Influenza : 5 - Little Stars : 3.
17:02 of 2nd period - Peter Delmas enters game.
17:03 of 2nd period - Brian Flynn wins face-off versus Ryan Carter in neutral zone.
17:06 of 2nd period - Snap shot by Brian Flynn.
17:06 of 2nd period - Stopped by Thomas McCollum with a rebound.
17:08 of 2nd period - Slapshot by Niklas Hjalmarsson.
17:08 of 2nd period - Stopped by Thomas McCollum without a rebound.
17:09 of 2nd period - Brian Flynn wins face-off versus Ryan Carter in Influenza zone.
17:38 of 2nd period - Slapshot by Carl Gunnarsson.
17:38 of 2nd period - Shot Misses the Net.
17:49 of 2nd period - Snap shot by Niklas Hjalmarsson.
17:49 of 2nd period - Stopped by Thomas McCollum without a rebound.
17:50 of 2nd period - Hugh Jessiman wins face-off versus Evgeny Grachev in Influenza zone.
17:51 of 2nd period - Wrist shot by Jesse Joensuu.
17:51 of 2nd period - Stopped by Thomas McCollum with a rebound.
18:15 of 2nd period - T.J Galiardi is hit by Jesper Fast and loses puck.
18:25 of 2nd period - Off-side.
18:26 of 2nd period - Evgeny Grachev wins face-off versus Brian Flynn in neutral zone.
18:51 of 2nd period - Ryan Carter is hit by Raphael Diaz and loses puck.
19:23 of 2nd period - Off-side.
19:24 of 2nd period - Evgeny Grachev wins face-off versus Brian Flynn in neutral zone.
19:31 of 2nd period - Snap shot by Evgeny Grachev.
19:31 of 2nd period - Goal by Evgeny Grachev - Influenza : 6 - Little Stars : 3.
19:32 of 2nd period - Brian Flynn wins face-off versus Jamie Benn in neutral zone.
19:37 of 2nd period - Icing by Jamie Benn.
19:38 of 2nd period - Brian Flynn wins face-off versus Evgeny Grachev in Influenza zone.
19:39 of 2nd period - Snap shot by Marcus Johansson.
19:39 of 2nd period - Shot Misses the Net.
Goals for this period are 5 for Influenza vs 2 for Little Stars.
Shots for this period are 12 for Influenza vs 19 for Little Stars.
3rd period
0:01 of 3rd period - Dana Tyrell wins face-off versus Ryan Carter in neutral zone.
0:04 of 3rd period - Ryan Carter is hit by Jesse Joensuu and loses puck.
0:25 of 3rd period - Evgeny Grachev is hit by Marcus Johansson and loses puck.
0:54 of 3rd period - T.J Galiardi is hit by Andrej Nestrasil and loses puck.
2:28 of 3rd period - Jesper Fast is hit by Mathieu Carle and loses puck.
3:26 of 3rd period - Snap shot by Robbie Earl.
3:26 of 3rd period - Shot Misses the Net.
3:28 of 3rd period - Wrist shot by Martins Karsums.
3:28 of 3rd period - Shot Blocked by Niklas Hjalmarsson.
3:30 of 3rd period - Snap shot by Ryan Carter.
3:30 of 3rd period - Shot Misses the Net.
3:32 of 3rd period - Wrist shot by Martins Karsums.
3:32 of 3rd period - Shot Blocked by Raphael Diaz.
3:34 of 3rd period - Backhand shot by Mathieu Carle.
3:34 of 3rd period - Stopped by Peter Delmas with a rebound.
3:45 of 3rd period - Minor Penalty to Tim Erixon for Hooking.
3:46 of 3rd period - Evgeny Grachev wins face-off versus Brian Flynn in Influenza zone.
3:57 of 3rd period - Snap shot by Ben Smith.
3:57 of 3rd period - Stopped by Peter Delmas with a rebound.
4:13 of 3rd period - Mathieu Carle is hit by Dana Tyrell and loses puck.
4:36 of 3rd period - Slapshot by Matt Corrente.
4:36 of 3rd period - Stopped by Peter Delmas without a rebound.
4:37 of 3rd period - Evgeny Grachev wins face-off versus Brian Flynn in Little Stars zone.
4:42 of 3rd period - Minor Penalty to Mathieu Roy for Tripping.
4:43 of 3rd period - Evgeny Grachev wins face-off versus Brian Flynn in Little Stars zone.
4:58 of 3rd period - Slapshot by Mathieu Carle.
4:58 of 3rd period - Deflect By Raphael Diaz.
4:58 of 3rd period - Stopped by Peter Delmas with a rebound.
5:45 of 3rd period - Penalty to Tim Erixon is over, Tim Erixon is back on ice.
5:46 of 3rd period - Off-side.
5:47 of 3rd period - Jesse Joensuu wins face-off versus Carl Gunnarsson in neutral zone.
6:42 of 3rd period - Penalty to Mathieu Roy is over, Mathieu Roy is back on ice.
6:46 of 3rd period - Snap shot by Mathieu Roy.
6:46 of 3rd period - Shot Misses the Net.
6:48 of 3rd period - Slapshot by Yannick Weber.
6:48 of 3rd period - Deflect By Mathieu Roy.
6:48 of 3rd period - Shot Misses the Net.
6:48 of 3rd period - Puck is out of play.
6:49 of 3rd period - Charlie Coyle wins face-off versus Dana Tyrell in Influenza zone.
8:34 of 3rd period - Snap shot by Ben Smith.
8:34 of 3rd period - Shot Blocked by Andrej Nestrasil.
8:40 of 3rd period - Snap shot by Evgeny Grachev.
8:40 of 3rd period - Shot Blocked by Mathieu Roy.
9:34 of 3rd period - Tyson Barrie is hit by Carl Gunnarsson and loses puck.
10:08 of 3rd period - John Klingberg is hit by Raphael Diaz and loses puck.
10:19 of 3rd period - Robert Klinkhammer is hit by Mathieu Carle.
10:23 of 3rd period - Snap shot by T.J Galiardi.
10:23 of 3rd period - Shot Misses the Net.
10:29 of 3rd period - T.J Galiardi is hit by Mathieu Roy and loses puck.
10:46 of 3rd period - Conor Allen is hit by Evgeny Grachev and loses puck.
10:53 of 3rd period - Slapshot by Ben Smith.
10:53 of 3rd period - Shot Misses the Net.
11:38 of 3rd period - Yannick Weber is hit by Matt Corrente.
11:48 of 3rd period - Slapshot by Matt Corrente.
11:48 of 3rd period - Shot Misses the Net.
12:23 of 3rd period - Yannick Weber is hit by Martins Karsums and loses puck.
12:39 of 3rd period - Icing by Alex Chiasson.
12:40 of 3rd period - Brian Flynn wins face-off versus Jordan Schroeder in Little Stars zone.
13:16 of 3rd period - John Klingberg is hit by Marcus Johansson and loses puck.
13:27 of 3rd period - Slapshot by John Klingberg.
13:27 of 3rd period - Shot Misses the Net.
13:45 of 3rd period - Slapshot by Ryan Russell.
13:45 of 3rd period - Shot Misses the Net.
14:06 of 3rd period - Icing by John Klingberg.
14:07 of 3rd period - Dana Tyrell wins face-off versus Jordan Schroeder in Influenza zone.
14:20 of 3rd period - John Klingberg is hit by Dana Tyrell.
14:30 of 3rd period - Slapshot by Mathieu Carle.
14:30 of 3rd period - Shot Blocked by Raphael Diaz.
14:32 of 3rd period - Slapshot by John Klingberg.
14:32 of 3rd period - Shot Blocked by Niklas Hjalmarsson.
14:34 of 3rd period - Wrist shot by Mathieu Carle.
14:34 of 3rd period - Shot Misses the Net.
14:36 of 3rd period - Snap shot by Jordan Schroeder.
14:36 of 3rd period - Stopped by Peter Delmas without a rebound.
14:37 of 3rd period - Ben Smith wins face-off versus Dana Tyrell in Little Stars zone.
14:38 of 3rd period - Snap shot by Jamie Benn.
14:38 of 3rd period - Stopped by Peter Delmas without a rebound.
14:39 of 3rd period - Evgeny Grachev wins face-off versus Dana Tyrell in Little Stars zone.
14:42 of 3rd period - Slapshot by Ben Smith.
14:42 of 3rd period - Stopped by Peter Delmas without a rebound.
14:43 of 3rd period - Jamie Benn wins face-off versus Dana Tyrell in Little Stars zone.
14:54 of 3rd period - Wrist shot by Ben Smith.
14:54 of 3rd period - Goal by Ben Smith - Influenza : 7 - Little Stars : 3.
14:55 of 3rd period - Evgeny Grachev wins face-off versus Brian Flynn in neutral zone.
15:05 of 3rd period - Wrist shot by Marcus Johansson.
15:05 of 3rd period - Stopped by Thomas McCollum with a rebound.
16:08 of 3rd period - James Livingstone is hit by Jamie Benn and loses puck.
16:28 of 3rd period - Minor Penalty to Ryan Russell for Hooking.
16:29 of 3rd period - Evgeny Grachev wins face-off versus Brian Flynn in Influenza zone.
16:39 of 3rd period - Snap shot by Alex Chiasson.
16:39 of 3rd period - Shot Blocked by Evgeny Grachev.
16:41 of 3rd period - Slapshot by Niklas Hjalmarsson.
16:41 of 3rd period - Deflect By Evgeny Grachev.
16:41 of 3rd period - Stopped by Thomas McCollum without a rebound.
16:42 of 3rd period - Evgeny Grachev wins face-off versus Brian Flynn in Influenza zone.
16:53 of 3rd period - Slapshot by John Klingberg.
16:53 of 3rd period - Shot Blocked by Raphael Diaz.
18:28 of 3rd period - Penalty to Ryan Russell is over, Ryan Russell is back on ice.
18:31 of 3rd period - Jamie Benn is hit by Jesper Fast and loses puck.
18:48 of 3rd period - Wrist shot by Jamie Benn.
18:48 of 3rd period - Stopped by Peter Delmas with a rebound.
18:50 of 3rd period - Slapshot by John Klingberg.
18:50 of 3rd period - Shot Blocked by Tyson Barrie.
18:52 of 3rd period - Snap shot by Ryan Russell.
18:52 of 3rd period - Stopped by Peter Delmas without a rebound.
18:53 of 3rd period - T.J. Tynan wins face-off versus Ryan Carter in Little Stars zone.
18:55 of 3rd period - Minor Penalty to T.J. Tynan for Slashing.
18:56 of 3rd period - Evgeny Grachev wins face-off versus Jesper Fast in Little Stars zone.
19:22 of 3rd period - Marcus Johansson is hit by Martins Karsums and loses puck.
Goals for this period are 1 for Influenza vs 0 for Little Stars.
Shots for this period are 10 for Influenza vs 2 for Little Stars.
Back to the Top